 Dungeon Crawl Stone Soup version 0.21.0-22-g11d5b5247c (webtiles) character file.

108940 Fv001 the Peltast (level 16, -2/101 HPs)
             Began as a Gargoyle Fighter on Jan 18, 2018.
             Was a High Priest of Okawaru.
             Slain by a merfolk impaler
             ... wielding a +0 trident of freezing
              (11 damage)
             ... on level 4 of the Shoals on Jan 19, 2018.
             The game lasted 01:29:57 (25913 turns).

Fv001 the Peltast (Gargoyle Fighter)               Turns: 25913, Time: 01:30:03

Health: -2/101     AC: 39    Str: 23    XL:     16   Next: 51%
Magic:  22/22      EV: 10    Int:  8    God:    Okawaru [*****.]
Gold:   2417       SH: 22    Dex: 14    Spells: 15/15 levels left

rFire    + . .     SeeInvis .   a - +1 morningstar of the Spheres {crush, rC+ rN+}
rCold    + . .     Gourm    .   z - +2 large shield
rNeg     + + .     Faith    .   A - +0 plate armour
rPois    ∞         Spirit   .   j - +0 helmet of the Everdark {rElec rF+}
rElec    +         Reflect  .   Y - +2 cloak {MR+}
rCorr    .         Harm     .   n - +0 pair of gloves
MR       +++..                  B - +2 pair of boots
Stlth    ..........             k - amulet of regeneration
HPRegen  0.66/turn              g - ring of protection from magic
MPRegen  0.18/turn              (no ring)

@: flying
A: big wings, negative energy resistance 1, electricity resistance, unbreathing,
petrification resistance, rot immunity, AC +12
a: Stop Flying, Heroism, Finesse, Renounce Religion


You were on level 4 of the Shoals.
You worshipped Okawaru.
Okawaru was extremely pleased with you.
You were not hungry.

You visited 5 branches of the dungeon, and saw 24 of its levels.
You also visited: Labyrinth and Ice Cave.

You collected 2975 gold pieces.
You spent 558 gold pieces at shops.

Inventory:

Hand Weapons
 a - the +1 morningstar of the Spheres (weapon) {crush, rC+ rN+}
   (Okawaru gifted it to you on level 2 of the Lair of Beasts)

   It inflicts extra damage upon your enemies.
   It protects you from cold.
   It protects you from negative energy.
 b - a +0 fustibalus of velocity
 c - a +3 morningstar of freezing
Missiles
 o - 403 stones (quivered)
 Q - 12 sling bullets
Armour
 h - a +0 helmet
 j - the +0 helmet of the Everdark (worn) {rElec rF+}
   (Okawaru gifted it to you on level 1 of the Shoals)

   It protects you from fire.
   It insulates you from electricity.
 n - a +0 pair of gloves (worn)
 z - a +2 large shield (worn)
 A - a +0 plate armour (worn)
 B - a +2 pair of boots (worn)
 Y - a +2 cloak of magic resistance (worn)
Jewellery
 d - a +3 ring of evasion {unknown}
 g - a ring of protection from magic (left hand)
 k - an amulet of regeneration (around neck)
 r - a +1 ring of slaying {unknown}
 y - an uncursed ring of see invisible {unknown}
 G - an uncursed ring of resist corrosion {unknown}
 I - an uncursed amulet of rage {unknown}
 K - an uncursed amulet of the gourmand {unknown}
 S - an uncursed ring of positive energy {unknown}
 U - an uncursed ring of fire {unknown}
 W - an uncursed ring of flight {unknown}
 X - an uncursed ring of protection from cold {unknown}
Wands
 x - a wand of flame (111)
 H - a wand of iceblast (21)
 J - a wand of disintegration (18)
Scrolls
 q - 13 scrolls of remove curse
 t - 12 scrolls of teleportation
 w - 2 scrolls of magic mapping
 C - a scroll of fog
 D - 2 scrolls of summoning
 E - 2 scrolls of fear
 L - 2 scrolls of acquirement {unknown}
 M - a scroll of holy word {unknown}
 O - a scroll of torment {unknown}
 P - a scroll of silence
 T - a scroll of blinking {unknown}
Potions
 l - 2 potions of haste
 s - 6 potions of lignification
 u - 3 potions of ambrosia
 v - a potion of resistance
 F - 8 potions of curing
 N - 2 potions of mutation
 R - a potion of berserk rage
Comestibles
 f - 33 rations
 i - 4 chunks of flesh


   Skills:
 + Level 11.6 Fighting
 + Level 10.6 Maces & Flails
 + Level 9.3 Slings
 * Level 15.2 Armour
 + Level 8.4 Dodging
 * Level 15.2 Shields
 + Level 8.6 Invocations


You had 15 spell levels left.
You didn't know any spells.

Dungeon Overview and Level Annotations

Branches:
Dungeon (11/15)            Temple (1/1) D:7            Lair (6/6) D:10
 Shoals (4/4) Lair:3       Spider (0/4) Lair:4        Slime (0/5) Lair:6
    Orc (2/2) D:11            Elf (0/3) Orc:2

Altars:
Ashenzari
Dithmenos
Elyvilon
Fedhas
Gozag
Hepliaklqana
Makhleb
Okawaru
Ru
Sif Muna
Trog
Uskayaw
Vehumet
Wu Jian
Xom
Yredelemnul
Zin
The Shining One
Beogh

Shops:
D:7 }%[   Orc:1 *   Orc:2 :![[

Annotations:
D:9 1 runed door, exclusion: 2 orange crystal statues
Lair:4 exclusion: oklob plant


Innate Abilities, Weirdness & Mutations

You are resistant to torment.
Your stone body is resilient. (AC +12)
You are immune to poison.
Your large and strong wings let you fly indefinitely.
You resist negative energy. (rN+)
You are resistant to electric shocks. (rElec)
You can survive without breathing.
You are immune to petrification.
You are immune to rotting.


Message History

The iceblast engulfs the merfolk javelineer.
The merfolk javelineer is lightly wounded.
The iceblast engulfs the cyclops.
The cyclops is moderately wounded.
The iceblast engulfs the merfolk javelineer.
The merfolk javelineer is lightly wounded.
The iceblast engulfs the merfolk impaler.
The merfolk impaler is lightly wounded.
You are engulfed in freezing vapours.
You resist.
Your merfolk dissolves into shadows!
You block the merfolk javelineer's attack.
Unknown command.
You bludgeon the merfolk aquamancer!!
The merfolk aquamancer is heavily wounded.
The merfolk aquamancer points at you and mumbles some strange words.
The torrent of water hits you!
* * * LOW HITPOINT WARNING * * *
The wave splashes down.
The merfolk impaler hits you from afar with a trident of freezing!
You die...

≈≈≈≈≈≈≈≈≈≈≈≈≈≈≈
≈≈≈≈≈≈≈≈≈≈≈≈≈≈≈≈ ≈≈
≈≈≈≈≈≈≈≈≈≈≈≈≈≈≈≈≈≈ ≈≈≈
≈≈≈≈≈≈≈≈≈≈≈≈≈≈≈≈≈≈≈ ≈≈≈≈
≈≈≈≈≈.....≈≈≈≈≈≈≈≈≈ ≈≈≈≈
≈≈≈≈≈.......≈≈≈≈≈≈≈ ≈≈≈≈
..............≈≈.≈ ≈≈≈
#m≈.......# #≈
#@t)......#######≈
#Cm##$....≈##...#.##
≈Emmm#......≈#...≈...#
≈.#m#.m##......#≈.#.#..#
≈.


mH# #.....##.≈.}.≈.# ≈. .#. #.....##≈.#.#.## . .≈.. #.....≈#...≈...# ≈≈ .#
.$###.....###.#≈..)# (≈. #######.........#######. You could see 3 merfolk
impalers, 2 merfolk javelineers, a merfolk aquamancer, a manticore, a cyclops, a
water elemental, a merfolk siren, a friendly merfolk javelineer and a friendly
snapping turtle.

Vanquished Creatures
  Polyphemus (Shoals:4)
  A kraken (Shoals:3)
  A frost giant (Shoals:4)
  2 orc warlords
  Aizul (Shoals:4)
  The ghost of McKennaii the Nimble, a journeyman GnAM of Sif Muna (Lair:4)
  4 merfolk javelineers
  An ettin (Orc:1)
  3 merfolk impalers (Shoals:4)
  A minotaur (Lab)
  2 hydras
  2 merfolk avatars (Shoals:2)
  2 catoblepae
  A satyr (Shoals:2)
  4 two-headed ogres
  The ghost of zetsub0u the Spear-Bearer, a novice HOFi of Gozag (D:9)
  3 merfolk aquamancers
  3 death yaks (Shoals:3)
  Urug (D:11)
  3 orc high priests (Orc:2)
  3 sea snakes
  Pikel (D:7)
  9 harpies
  8 orc knights
  A necromancer (IceCv)
  2 ugly things
  6 orc sorcerers
  8 manticores
  6 fauns
  5 cyclopes
  The ghost of Fv001 the Skirmisher, a novice GrMo of Okawaru (D:5)
  8 merfolk sirens
  4 elephants (Lair:6)
  4 water nymphs
  3 ice statues (IceCv)
  3 black mambas
  18 spiny frogs
  A gargoyle (Lab)
  3 komodo dragons
  4 rime drakes
  25 merfolk
  6 polar bears (Lair:6)
  13 ice devils (IceCv)
  5 hornets
  2 wind drakes
  8 trolls
  Grinder (D:6)
  11 blink frogs
  4 snapping turtles
  4 hippogriffs
  A minotaur skeleton (Lab)
  27 dream sheep
  13 spriggans
  8 water elementals
  4 redbacks
  Sigmund (D:2)
  4 basilisks
  A vampire (D:11)
  A wraith (D:11)
  A wyvern (Lair:6)
  Eustachio (D:4)
  18 yaks
  2 hungry ghosts
  2 wargs
  6 water moccasins
  4 porcupines
  2 slaves
  30 orc warriors
  3 sky beasts
  14 ice beasts
  A necrophage (D:9)
  A phantom (D:8)
  20 wolves
  5 black bears
  8 ogres
  4 boggarts
  8 centaurs
  12 crocodiles
  A gnoll sergeant (D:9)
  A wyvern zombie (D:6)
  8 bullfrogs
  3 scorpions
  A wight (D:9)
  A killer bee (D:8)
  7 howler monkeys
  3 crimson imps (D:8)
  A bullfrog zombie (D:9)
  3 centaur zombies
  A quasit (D:8)
  2 draconian simulacra (IceCv)
  2 hounds
  25 orc priests
  3 bullfrog skeletons
  5 jellies
  20 orc wizards
  A gnoll shaman (D:8)
  6 hell rats (Lair:6)
  6 iguanas
  Natasha (twice) (D:2)
  5 worker ants
  2 spriggan simulacra (IceCv)
  2 troll simulacra (IceCv)
  A centaur simulacrum (IceCv)
  A hound skeleton (D:6)
  2 hound zombies
  A howler monkey zombie (D:8)
  2 worker ant zombies (D:9)
  7 gnolls
  2 howler monkey skeletons (D:5)
  2 naga simulacra (IceCv)
  An ogre simulacrum (IceCv)
  15 adders
  4 shadow imps
  6 oozes
  2 adder skeletons
  3 worms
  5 dart slugs
  4 leopard geckos
  78 orcs
  2 ball pythons
  4 bats
  8 giant cockroaches
  10 goblins
  10 hobgoblins
  2 jackals (D:6)
  11 kobolds
  A quokka (D:5)
  7 frilled lizards
  2 quokka skeletons
  A quokka zombie (D:5)
  12 rats
  2 plants (Lair:6)
  4 tentacles (Shoals:3)
740 creatures vanquished.

Vanquished Creatures (collateral kills)
  A merfolk aquamancer (Shoals:4)
  A merfolk (Shoals:4)
2 creatures vanquished.

Vanquished Creatures (others)
  Ilsuiw (Shoals:4)
  An orc (Orc:2)
  2 fungi
  14 plants
  5 tentacles (Shoals:3)
23 creatures vanquished.

Grand Total: 765 creatures vanquished

Notes
Turn   | Place    | Note
-------+----------+-------------------------------------------
     0 | D:1      | Fv001 the Gargoyle Fighter began the quest for the Orb.
     0 | D:1      | Reached XP level 1. HP: 14/14 MP: 1/1
    69 | D:1      | Reached XP level 2. HP: 17/19 MP: 2/2
   592 | D:1      | Reached XP level 3. HP: 24/24 MP: 3/3
   961 | D:2      | Noticed Sigmund
  1283 | D:3      | Reached XP level 4. HP: 29/29 MP: 4/4
  1508 | D:3      | Found a basalt altar of Yredelemnul.
  2008 | D:4      | Noticed Eustachio
  2018 | D:4      | Reached XP level 5. HP: 31/33 MP: 5/5
  2020 | D:4      | Reached skill level 1 in Dodging
  2143 | D:4      | Killed Eustachio
  2143 | D:4      | Reached skill level 1 in Slings
  2143 | D:4      | Reached XP level 6. HP: 38/38 MP: 6/6
  2401 | D:5      | Entered Level 5 of the Dungeon
  2548 | D:5      | Noticed Fv001's ghost (novice GrMo)
  2648 | D:5      | Noticed a sky beast
  2682 | D:4      | Killed a sky beast
  2705 | D:5      | Reached skill level 5 in Shields
  2705 | D:5      | Reached XP level 7. HP: 44/44 MP: 7/7
  2974 | D:5      | Reached skill level 5 in Armour
  3148 | D:5      | Killed Fv001's ghost
  3148 | D:5      | Reached skill level 5 in Fighting
  3148 | D:5      | Reached XP level 8. HP: 21/49 MP: 8/8
  3760 | D:6      | Noticed Grinder
  3782 | D:6      | Killed Grinder
  4479 | D:7      | Reached XP level 9. HP: 54/54 MP: 9/9
  4663 | D:7      | Noticed a five-headed hydra
  4758 | D:2      | Noticed Natasha
  4765 | D:2      | Killed Natasha
  4818 | D:2      | Killed Sigmund
  4895 | D:2      | Reached skill level 5 in Maces & Flails
  4917 | D:2      | Noticed Natasha
  4948 | D:2      | Killed Natasha
  5292 | D:7      | Noticed Pikel
  5447 | D:7      | Killed a five-headed hydra
  5515 | D:7      | Found a burning altar of Makhleb.
  5517 | D:7      | Found Use Gead's Food Shoppe.
  5689 | D:7      | Killed Pikel
  5689 | D:7      | Reached XP level 10. HP: 61/61 MP: 10/10
  5695 | D:7      | Found a staircase to the Ecumenical Temple.
  5715 | Temple   | Entered the Ecumenical Temple
  5765 | Temple   | Became a worshipper of Warmaster Okawaru
  5836 | D:7      | Found Waass's Armour Shop.
  6049 | D:7      | Found Yxum's Gadget Boutique.
  6290 | D:8      | Found a radiant altar of Vehumet.
  6292 | D:8      | Found an ornate altar of the Wu Jian Council.
  6348 | D:8      | Noticed a two-headed ogre
  6450 | D:8      | Found a hazy altar of Hepliaklqana.
  6674 | D:8      | Reached * piety under Okawaru
  6961 | D:8      | Found a burning altar of Makhleb.
  7402 | D:8      | Killed a two-headed ogre
  7472 | D:8      | Reached ** piety under Okawaru
  7696 | D:8      | Noticed a two-headed ogre
  7718 | D:8      | Killed a two-headed ogre
  7726 | D:8      | Reached *** piety under Okawaru
  7726 | D:8      | Reached skill level 5 in Slings
  7726 | D:8      | Reached XP level 11. HP: 12/67 MP: 11/11
  7941 | D:9      | Noticed zetsub0u's ghost (novice HOFi)
  8168 | D:9      | Killed zetsub0u's ghost
  8168 | D:9      | Reached skill level 10 in Shields
  8214 | D:8      | Reached skill level 10 in Armour
  8353 | D:9      | Reached **** piety under Okawaru
  8900 | D:9      | Found a runed door.
  8921 | D:9      | Found the +10 large shield of Ignorance {rN+ Int-4}
  8926 | D:9      | Found a runed door.
  8932 | D:9      | Noticed an orange crystal statue
  8957 | D:9      | Noticed an orange crystal statue
  9012 | D:9      | Found a shattered altar of Ashenzari.
  9139 | D:10     | Entered Level 10 of the Dungeon
  9205 | D:10     | Reached skill level 5 in Dodging
  9481 | D:10     | Noticed a two-headed ogre
  9492 | D:10     | Killed a two-headed ogre
  9515 | D:10     | Found a staircase to the Lair.
  9805 | Lair:1   | Entered Level 1 of the Lair of Beasts
 10034 | Lair:1   | Reached ***** piety under Okawaru
 10034 | Lair:1   | Reached skill level 1 in Invocations
 10273 | Lair:1   | Reached XP level 12. HP: 64/74 MP: 13/13
 10301 | Lair:1   | Received a gift from Okawaru
 10358 | Lair:1   | Got a faintly glowing iron ring
 11025 | Lair:2   | Received a gift from Okawaru
 11028 | Lair:2   | Got a warped morningstar {god gift}
 11029 | Lair:2   | Identified the +1 morningstar of the Spheres {crush, rC+ rN+} (Okawaru gifted it to you on level 2 of the Lair of Beasts)
 11910 | Lair:3   | Found a staircase to the Shoals.
 12296 | Lair:4   | Found a labyrinth entrance.
 12306 | Lab      | Entered a labyrinth
 12694 | Lab      | Noticed a minotaur
 12701 | Lab      | Killed a minotaur
 12703 | Lab      | Got a bound steel ring
 12709 | Lab      | Found the +3 Elemental Staff {rElec rF++ rC++ MR++ AC+5}
 12848 | Lair:4   | Received a gift from Okawaru
 12849 | Lair:4   | Found a hole to the Spider Nest.
 13004 | Lair:4   | Noticed McKennaii's ghost (journeyman GnAM)
 13042 | Lair:4   | Killed McKennaii's ghost
 13104 | Lair:4   | Got a pair of scorched boots
 13115 | Lair:4   | Identified the cursed +0 pair of boots of the Leaf {MR+ Str-3 Int+9 Slay-5} (You found it on level 4 of the Lair of Beasts)
 14222 | Lair:5   | Reached XP level 13. HP: 80/80 MP: 15/15
 14510 | Lair:5   | Received a gift from Okawaru
 14919 | Lair:6   | Entered Level 6 of the Lair of Beasts
 15250 | Lair:6   | Received a gift from Okawaru
 15310 | Lair:6   | Identified the ring "Caubby" {Int+2 Stlth+} (You found it on level 1 of the Lair of Beasts)
 15413 | Lair:6   | Received a gift from Okawaru
 15589 | Lair:6   | Received a gift from Okawaru
 15589 | Lair:6   | Reached skill level 5 in Invocations
 15719 | Lair:6   | Found a staircase to the Slime Pits.
 15738 | Lair:6   | Reached ****** piety under Okawaru
 16090 | Lair:6   | Identified the ring of Omadycwiq {-Tele rPois rF+++ MP+9 Int+3} (You took it off a minotaur in a labyrinth)
 16269 | Lair:6   | Received a gift from Okawaru
 16300 | Lair:6   | Got a topaz-encrusted plate armour {god gift}
 16306 | Lair:6   | Identified the +2 plate armour "Sabb" {Regen+ Str-2 Int+3} (Okawaru gifted it to you on level 6 of the Lair of Beasts)
 16808 | Lair:6   | Gained mutation: Your large and strong wings let you fly indefinitely. [Gargoyle growth]
 16808 | Lair:6   | Reached XP level 14. HP: 76/87 MP: 18/18
 17413 | D:11     | Reached skill level 10 in Fighting
 17414 | D:11     | Noticed Urug
 17442 | D:11     | Killed Urug
 17446 | D:11     | Found a staircase to the Orcish Mines.
 17524 | D:11     | Found a frozen archway.
 17591 | IceCv    | Entered an ice cave
 18463 | D:11     | Identified the Compendium of Heat
 18691 | D:11     | Received a gift from Okawaru
 18930 | Orc:1    | Entered Level 1 of the Orcish Mines
 19001 | Orc:2    | Entered Level 2 of the Orcish Mines
 19002 | Orc:2    | Found a roughly hewn altar of Beogh.
 19166 | Orc:1    | Found Hedih's General Store.
 19213 | Orc:1    | Bought a potion of ambrosia for 144 gold pieces
 19213 | Orc:1    | Bought a scroll of identify for 36 gold pieces
 19402 | Orc:1    | Noticed an orc warlord
 19429 | Orc:1    | Noticed an orc warlord
 19623 | Orc:2    | Killed an orc warlord
 19687 | Orc:1    | Killed an orc warlord
 20353 | Orc:2    | Found a staircase to the Elven Halls.
 20775 | Orc:2    | Reached XP level 15. HP: 92/93 MP: 20/20
 20850 | Orc:2    | Received a gift from Okawaru
 21026 | Orc:2    | Found Yppu's Antique Armour Emporium.
 21026 | Orc:2    | Found Plog's Armour Shop.
 21029 | Orc:2    | Found Inleid's Book Emporium.
 21029 | Orc:2    | Found Reamp's Distillery.
 21067 | Orc:2    | Bought a potion of curing for 42 gold pieces
 21067 | Orc:2    | Bought a potion of curing for 42 gold pieces
 21067 | Orc:2    | Bought a potion of magic for 112 gold pieces
 21067 | Orc:2    | Bought a potion of mutation for 112 gold pieces
 21067 | Orc:2    | Bought a potion of heal wounds for 70 gold pieces
 21248 | Shoals:1 | Entered Level 1 of the Shoals
 21674 | Shoals:1 | Received a gift from Okawaru
 21678 | Shoals:1 | Got a translucent helmet {god gift}
 21689 | Shoals:1 | Identified the +0 helmet of the Everdark {rElec rF+} (Okawaru gifted it to you on level 1 of the Shoals)
 22707 | Shoals:2 | Reached skill level 10 in Maces & Flails
 24136 | Shoals:3 | Received a gift from Okawaru
 24607 | Shoals:3 | Noticed a kraken
 24651 | Shoals:3 | Killed a kraken
 24651 | Shoals:3 | Reached XP level 16. HP: 49/100 MP: 22/22
 24905 | Shoals:4 | Entered Level 4 of the Shoals
 24905 | Shoals:4 | Noticed Polyphemus
 25005 | Shoals:4 | Killed Polyphemus
 25133 | Shoals:4 | Reached skill level 15 in Shields
 25224 | Shoals:4 | Reached skill level 15 in Armour
 25326 | Shoals:4 | Noticed Aizul
 25383 | Shoals:4 | Killed Aizul
 25537 | Shoals:4 | Noticed Ilsuiw
 25558 | Shoals:4 | Killed Ilsuiw
 25913 | Shoals:4 | Slain by a merfolk impaler

Skill      XL: |  1  2  3  4  5  6  7  8  9 10 11 12 13 14 15 16 |
---------------+-------------------------------------------------+-----
Shields        | 4 5 6 8 9 10 11 12 13 14 15 | 15.2
Fighting       | 4 5 6 7 8 9 10 11 | 11.6
Maces & Flails | 3 4 5 6 7 8 9 10 | 10.6
Armour         | 4 5 6 8 9 10 11 12 13 14 15 | 15.2
Dodging        | 1 2 3 4 5 6 7 8 |  8.4
Slings         | 1 2 3 4 5 6 7 8 9 |  9.3
Invocations    | 1 3 5 6 8 |  8.6

Action                   |  1- 3 |  4- 6 |  7- 9 | 10-12 | 13-15 | 16-18 || total
-------------------------+-------+-------+-------+-------+-------+-------++-------
Melee: Flail             |   156 |   257 |   379 |   872 |       |       ||  1664
       Morningstar       |       |       |       |   275 |  2177 |   345 ||  2797
 Fire: Hunting sling     |       |    29 |    84 |   103 |       |       ||   216
       Fustibalus        |       |       |       |   217 |   626 |    80 ||   923
Throw: Stone             |     1 |       |       |       |    13 |       ||    14
Invok: Heroism           |       |       |       |     7 |    11 |     3 ||    21
       Finesse           |       |       |       |     1 |     4 |     4 ||     9
 Abil: Fly               |       |       |       |       |     1 |       ||     1
Evoke: Wand              |       |       |     2 |       |       |     7 ||     9
  Use: Scroll            |       |     4 |     5 |    11 |    12 |     2 ||    34
       Potion            |       |       |     4 |     3 |     7 |       ||    14
  Eat: Chunk             |     2 |     4 |     7 |    28 |    37 |     4 ||    82
       Ration            |       |       |     1 |     3 |     1 |       ||     5
Armor: Scale mail        |    79 |    39 |       |       |       |       ||   118
       Chain mail        |       |   143 |     3 |       |       |       ||   146
       Plate armour      |       |       |   220 |   795 |  1008 |   182 ||  2205
Dodge: Dodged            |    48 |    52 |    72 |   379 |   459 |   118 ||  1128
Block: Shield            |    75 |   138 |   192 |   827 |    38 |       ||  1270
       Large shield      |       |       |       |       |  2533 |   444 ||  2977
